PBL
LONDON MAJORS @ WINDY CITY THUNDERBOLTS
08/19/2048
 
TOP OF THE 1ST
London Majors batting - Pitching for Windy City ThunderBolts : RHP Mike Brungardt
Pitching: RHP Mike Brungardt
Batting: SHB Steve Ramsey 0-0: Called Strike
0-1: Foul Ball, location: 2F
0-2: Ball
1-2: Fly out, F7 (Flyball, 7, EV 95.0 MPH)
Batting: LHB Jessie Stewart 0-0: Called Strike
0-1: Swinging Strike
0-2: Strikes out swinging
Batting: SHB Toby Patenaude 0-0: Foul Ball, location: 2F
0-1: Fly out, F7 (Flyball, 7, EV 83.8 MPH)
Top of the 1st over - 0 runs, 0 hits, 0 errors, 0 left on base; London 0 - Windy City 0
BOTTOM OF THE 1ST
Windy City ThunderBolts batting - Pitching for London Majors : LHP Raul Pimentel
Pitching: LHP Raul Pimentel
Batting: RHB Eddie Dimas 0-0: Ball
1-0: Swinging Strike
1-1: Foul Ball, location: 2F
1-2: Foul Ball, location: 2F
1-2: Ground out U3 (Groundball, 3, EV 80.0 MPH)
Batting: RHB Joe Thomas 0-0: Ground out U3 (Groundball, 3, EV 84.4 MPH)
Batting: RHB Camillo Bonauiti 0-0: Ball
1-0: Ball
2-0: Called Strike
2-1: Foul Ball, location: 2F
2-2: Foul Ball, location: 2F
2-2: Strikes out swinging
Bottom of the 1st over - 0 runs, 0 hits, 0 errors, 0 left on base; London 0 - Windy City 0
TOP OF THE 2ND
London Majors batting - Pitching for Windy City ThunderBolts : RHP Mike Brungardt
Batting: RHB Cedric Nicholls 0-0: Ball
1-0: SINGLE (Groundball, 56D, EV 99.4 MPH)
Batting: RHB Cormackle Poohdatoot 0-0: Ball
1-0: Swinging Strike
1-1: Foul Ball, location: 2F
1-2: Foul Ball, location: 2F
1-2: Strikes out looking
Batting: RHB Tom Bergman 0-0: Grounds into double play, 4-6-3 (Groundball, 4, EV 78.8 MPH)
Top of the 2nd over - 0 runs, 1 hit, 0 errors, 0 left on base; London 0 - Windy City 0
BOTTOM OF THE 2ND
Windy City ThunderBolts batting - Pitching for London Majors : LHP Raul Pimentel
Batting: SHB Danny Gallegos 0-0: Called Strike
0-1: Swinging Strike
0-2: Foul Ball, location: 2F
0-2: SOLO HOME RUN (Flyball, 78XD, EV 109.4 MPH), Distance : 407 ft
Batting: RHB Kaoru Hamada 0-0: Ball
1-0: Ball
2-0: Ball
3-0: Called Strike
3-1: Base on Balls
Batting: RHB Paul Holland 0-0: Called Strike
0-1: Fly out, F8 (Flyball, 8RM, EV 93.8 MPH)
Batting: RHB Miguel Pacheco 0-0: Ball
1-0: Ball
2-0: Ball
3-0: Called Strike
3-1: SINGLE (Line Drive, 56D, EV 103.8 MPH)
Kaoru Hamada to second
Batting: RHB Dave Dominguez 0-0: Fly out, F4 (Popup, 4M, EV 63.8 MPH)
Batting: RHB Sim Damit 0-0: Ball
1-0: Ball
2-0: Fielders Choice at 2nd, 5-4 (Groundball, 56, EV 78.1 MPH)
Bottom of the 2nd over - 1 run, 2 hits, 0 errors, 2 left on base; London 0 - Windy City 1
TOP OF THE 3RD
London Majors batting - Pitching for Windy City ThunderBolts : RHP Mike Brungardt
Batting: SHB Joe Loveless 0-0: Called Strike
0-1: Ball
1-1: Swinging Strike
1-2: Ball
2-2: Strikes out swinging
Batting: RHB Frank Pinksen 0-0: Ball
1-0: Ball
2-0: Foul Ball, location: 2F
2-1: Ground out 5-3 (Groundball, 56, EV 93.8 MPH)
Batting: RHB Jerry Perez 0-0: Ground out U3 (Groundball, 3, EV 86.9 MPH)
Top of the 3rd over - 0 runs, 0 hits, 0 errors, 0 left on base; London 0 - Windy City 1
BOTTOM OF THE 3RD
Windy City ThunderBolts batting - Pitching for London Majors : LHP Raul Pimentel
Batting: RHB Eddie Dimas 0-0: Called Strike
0-1: Ball
1-1: SOLO HOME RUN (Flyball, 78XD, EV 108.8 MPH), Distance : 421 ft
Batting: RHB Joe Thomas 0-0: Ball
1-0: Called Strike
1-1: Foul Ball, location: 2F
1-2: Ground out 3-1 (Groundball, 34, EV 109.4 MPH)
Batting: RHB Camillo Bonauiti 0-0: Ball
1-0: Called Strike
1-1: Foul Ball, location: 2F
1-2: Strikes out swinging, 2-3 out at first.
Batting: SHB Danny Gallegos 0-0: Fly out, F7 (Flyball, 7LS, EV 80.6 MPH)
Bottom of the 3rd over - 1 run, 1 hit, 0 errors, 0 left on base; London 0 - Windy City 2
TOP OF THE 4TH
London Majors batting - Pitching for Windy City ThunderBolts : RHP Mike Brungardt
Batting: SHB Steve Ramsey 0-0: Ball
1-0: SOLO HOME RUN (Flyball, 9LD, EV 96.9 MPH), Distance : 372 ft
Batting: LHB Jessie Stewart 0-0: Ball
1-0: Ball
2-0: Ball
3-0: Base on Balls
Batting: SHB Toby Patenaude 0-0: Fly out, F8 (Flyball, 8RM, EV 90.0 MPH)
Batting: RHB Cedric Nicholls 0-0: Ball
1-0: Ball
2-0: Grounds into double play, 4-6-3 (Groundball, 4, EV 80.6 MPH)
Top of the 4th over - 1 run, 1 hit, 0 errors, 0 left on base; London 1 - Windy City 2
BOTTOM OF THE 4TH
Windy City ThunderBolts batting - Pitching for London Majors : LHP Raul Pimentel
Batting: RHB Kaoru Hamada 0-0: Ball
1-0: Fly out, F9 (Flyball, 89M, EV 78.1 MPH)
Batting: RHB Paul Holland 0-0: Called Strike
0-1: Ball
1-1: Swinging Strike
1-2: Ball
2-2: Strikes out looking
Batting: RHB Miguel Pacheco 0-0: Ball
1-0: Called Strike
1-1: Ground out 5-3 (Groundball, 56S, EV 68.8 MPH)
Bottom of the 4th over - 0 runs, 0 hits, 0 errors, 0 left on base; London 1 - Windy City 2
TOP OF THE 5TH
London Majors batting - Pitching for Windy City ThunderBolts : RHP Mike Brungardt
Batting: RHB Cormackle Poohdatoot 0-0: Ball
1-0: Swinging Strike
1-1: Ball
2-1: Foul Ball, location: 2F
2-2: Strikes out swinging
Batting: RHB Tom Bergman 0-0: Called Strike
0-1: Ball
1-1: Foul Ball, location: 2F
1-2: Strikes out swinging
Batting: SHB Joe Loveless 0-0: Ball
1-0: Swinging Strike
1-1: Ball
2-1: Ball
3-1: Base on Balls
Batting: RHB Frank Pinksen 0-0: Called Strike
0-1: Ball
1-1: Called Strike
1-2: Strikes out swinging
Top of the 5th over - 0 runs, 0 hits, 0 errors, 1 left on base; London 1 - Windy City 2
BOTTOM OF THE 5TH
Windy City ThunderBolts batting - Pitching for London Majors : LHP Raul Pimentel
Batting: RHB Dave Dominguez 0-0: Swinging Strike
0-1: Fly out, F8 (Flyball, 8RM, EV 75.0 MPH)
Batting: RHB Sim Damit 0-0: Called Strike
0-1: Fly out, F8 (Line Drive, 89M, EV 90.0 MPH)
Batting: RHB Eddie Dimas 0-0: Ball
1-0: Called Strike
1-1: Ball
2-1: Ball
3-1: Called Strike
3-2: Base on Balls
Batting: RHB Joe Thomas 0-0: Ball
1-0: Fielders Choice at 2nd, 5-4 (Groundball, 56, EV 83.1 MPH)
Bottom of the 5th over - 0 runs, 0 hits, 0 errors, 1 left on base; London 1 - Windy City 2
TOP OF THE 6TH
London Majors batting - Pitching for Windy City ThunderBolts : RHP Mike Brungardt
Batting: RHB Jerry Perez 0-0: Foul Ball, location: 2F
0-1: Called Strike
0-2: Strikes out swinging
Batting: SHB Steve Ramsey 0-0: Swinging Strike
0-1: Called Strike
0-2: Ball
1-2: Ground out 6-3 (Groundball, 6M, EV 88.8 MPH)
Batting: LHB Jessie Stewart 0-0: Ball
1-0: Ball
2-0: SINGLE (Groundball, 56S, EV 68.1 MPH) (infield hit)
Batting: SHB Toby Patenaude 0-0: Called Strike
0-1: 2-RUN HOME RUN (Line Drive, 9D, EV 99.4 MPH), Distance : 371 ft
Batting: RHB Cedric Nicholls 0-0: Called Strike
0-1: Foul Ball, location: 2F
0-2: Ball
1-2: Foul Ball, location: 2F
1-2: Strikes out swinging
Top of the 6th over - 2 runs, 2 hits, 0 errors, 0 left on base; London 3 - Windy City 2
BOTTOM OF THE 6TH
Windy City ThunderBolts batting - Pitching for London Majors : LHP Raul Pimentel
Batting: RHB Camillo Bonauiti 0-0: Called Strike
0-1: SINGLE (Groundball, 4MD, EV 106.9 MPH)
Batting: SHB Danny Gallegos 0-0: 2-RUN HOME RUN (Flyball, 7LD, EV 96.9 MPH), Distance : 383 ft
Batting: RHB Kaoru Hamada 0-0: Ball
1-0: Called Strike
1-1: Called Strike
1-2: Ground out 6-3 (Groundball, 6, EV 85.0 MPH)
Batting: RHB Paul Holland 0-0: Ball
1-0: Called Strike
1-1: Ground out 6-3 (Groundball, 6, EV 83.1 MPH)
Batting: RHB Miguel Pacheco 0-0: Swinging Strike
0-1: Swinging Strike
0-2: Ball
1-2: Ball
2-2: Strikes out looking
Bottom of the 6th over - 2 runs, 2 hits, 0 errors, 0 left on base; London 3 - Windy City 4
TOP OF THE 7TH
London Majors batting - Pitching for Windy City ThunderBolts : RHP Mike Brungardt
Pinch Hitting: SHB Mike Fermin 0-0: Ball
1-0: Ground out 6-3 (Groundball, 6, EV 81.9 MPH)
Pinch Hitting: RHB Mel Bohorquez 0-0: Ground out 4-3 (Groundball, 4M, EV 86.9 MPH)
Batting: SHB Joe Loveless 0-0: SINGLE (Groundball, 34D, EV 94.4 MPH)
Batting: RHB Frank Pinksen 0-0: Called Strike
0-1: Ball
1-1: Called Strike
1-2: Strikes out swinging
Top of the 7th over - 0 runs, 1 hit, 0 errors, 1 left on base; London 3 - Windy City 4
BOTTOM OF THE 7TH
Windy City ThunderBolts batting - Pitching for London Majors : LHP Raul Pimentel
Now at 1B: Joy-shan Li
Now in LF: Edwin Esparza
Batting: RHB Dave Dominguez 0-0: Ball
1-0: Called Strike
1-1: SINGLE (Flyball, 6D, EV 88.8 MPH)
Batting: RHB Sim Damit 0-0: Bunted foul
0-1: Sac Bunt to 13 - play at first, batter OUT! 1-3
Dave Dominguez to second
Batting: RHB Eddie Dimas 0-0: Ball
1-0: Ball
2-0: Called Strike
2-1: SINGLE (Groundball, 25, EV 71.2 MPH) (infield hit)
Dave Dominguez to third
Batting: RHB Joe Thomas 0-0: Ball
1-0: Fly out, F7 (Flyball, 7S, EV 93.8 MPH)
Batting: RHB Camillo Bonauiti 0-0: Ball
1-0: Fly out, F8 (Line Drive, 8LM, EV 88.1 MPH)
Bottom of the 7th over - 0 runs, 2 hits, 0 errors, 2 left on base; London 3 - Windy City 4
TOP OF THE 8TH
London Majors batting - Pitching for Windy City ThunderBolts : RHP Mike Brungardt
Now in LF: Ricky Avila
Pinch Hitting: RHB Manny Corral 0-0: Ball
1-0: Ball
2-0: Ball
3-0: Called Strike
3-1: Called Strike
3-2: Fly out, F8 (Flyball, 8LXD, EV 96.9 MPH)
Batting: SHB Steve Ramsey 0-0: Ball
1-0: Ball
2-0: Called Strike
2-1: SINGLE (Groundball, 34S, EV 65.0 MPH) (infield hit)
Batting: LHB Jessie Stewart 0-0: Ball
1-0: Called Strike
1-1: Ball
2-1: Ground out 6-3 (Groundball, 56, EV 89.4 MPH)
Steve Ramsey to second
Batting: SHB Toby Patenaude 0-0: Foul Ball, location: 2F
0-1: Called Strike
0-2: Foul Ball, location: 2F
0-2: Strikes out swinging
Top of the 8th over - 0 runs, 1 hit, 0 errors, 1 left on base; London 3 - Windy City 4
BOTTOM OF THE 8TH
Windy City ThunderBolts batting - Pitching for London Majors : LHP Raul Pimentel
Now at 3B: Manny Corral
Batting: SHB Danny Gallegos 0-0: Fly out, F8 (Flyball, 8RS, EV 90.0 MPH)
Batting: RHB Kaoru Hamada 0-0: Swinging Strike
0-1: Ground out 4-3 (Groundball, 4, EV 86.9 MPH)
Batting: RHB Paul Holland 0-0: Foul Ball, location: 2F
0-1: Ball
1-1: Foul Ball, location: 2F
1-2: Strikes out looking
Bottom of the 8th over - 0 runs, 0 hits, 0 errors, 0 left on base; London 3 - Windy City 4
TOP OF THE 9TH
London Majors batting - Pitching for Windy City ThunderBolts : RHP Mike Brungardt
Pitching: LHP Dave Fairn
Batting: RHB Cedric Nicholls 0-0: Called Strike
0-1: Ball
1-1: SINGLE (Flyball, 4MD, EV 90.6 MPH)
Pinch Hitting: RHB Chad Colyer 0-0: Grounds into double play, 4-6-3 (Groundball, 34, EV 108.8 MPH)
Pinch Hitting: LHB Danny Hamilton 0-0: Ball
1-0: Called Strike
1-1: Called Strike
1-2: SINGLE (Groundball, 6, EV 103.1 MPH)
Batting: RHB Brandon Williams 0-0: Ball
1-0: Fielders Choice at 2nd, 6-4 (Groundball, 6, EV 93.1 MPH)
Top of the 9th over - 0 runs, 2 hits, 0 errors, 1 left on base; London 3 - Windy City 4
Tuesday, March 28th , 2023 - OOTP Baseball 23.10 Build 110